 Dungeon Crawl Stone Soup version 0.29.0-4-gdea44cf6ec (webtiles) character file.

Game seed: 7346218816089535638

3488 qw the Cleaver (level 10, -1/60 HPs)
             Began as a Tengu Warper on Aug 28, 2022.
             Was a Believer of Okawaru.
             Slain by Erica
             ... wielding a +4 scimitar of flaming
              (2 damage)
             ... on level 8 of the Dungeon.
             The game lasted 00:00:48 (8636 turns).

qw the Cleaver (Tengu Warper)                       Turns: 8636, Time: 00:00:49

Health: -1/60      AC: 16    Str: 15    XL:     10   Next: 7%
Magic:  13/14      EV:  8    Int: 14    God:    Okawaru [**....]
Gold:   256        SH:  6    Dex: 14    Spells: 13/13 levels left

rFire   . . .      SeeInvis .   q - +0 war axe (spect)
rCold   . . .      Faith    .   o - +0 buckler {rPois}
rNeg    + + .      Spirit   .   n - +0 plate armour
rPois   +          Reflect  .   b - +0 hat of Unreason {rElec rN+}
rElec   +          Harm     .   c - +0 cloak
rCorr   +          Rampage  .   (no gloves)
Will    .....                   (boots unavailable)
Stlth   ..........              (no amulet)
HPRegen 0.20/turn               e - ring of positive energy
MPRegen 0.14/turn               u - ring of resist corrosion

@: heroic, flying quickly and evasively, quick
A: beak, talons 3, nimble flight
a: Renounce Religion, Heroism


You were on level 8 of the Dungeon.
You worshipped Okawaru.
Okawaru was pleased with you.
You visited 2 branches of the dungeon, and saw 9 of its levels.

You collected 366 gold pieces.
You spent 110 gold pieces at shops.


Innate Abilities, Weirdness & Mutations

You have a beak for a mouth.
You have claws for feet.
Your magical nature lets you fly swiftly and evasively.


   Skills:
 - Level 5.6(10.6) Fighting
 + Level 11.6(16.6) Axes
 - Level 1.0(6.0) Throwing
 - Level 5.0(10.0) Armour
 - Level 2.1(7.1) Dodging
 - Level 3.7(8.7) Shields
 - Level 2.0 Spellcasting
 - Level 2.4 Translocations
 - Level 4.1 Invocations


You had 13 spell levels left.
You didn't know any spells.
Your spell library contained the following spells:

 Spells                   Type           Power      Damage    Failure   Level
 Blink                    Tloc           16%        N/A       99%         2
 Gell's Gravitas          Tloc           8%         N/A       100%        3
 Lesser Beckoning         Tloc           8%         N/A       100%        3
 Teleport Other           Tloc           8%         N/A       100%        3
 Manifold Assault         Tloc           8%         N/A       100%        5

Inventory:

Hand Weapons
 j - a +0 flail
 q - a +0 spectral war axe (weapon)
Missiles
 h - 10 boomerangs (quivered)
Armour
 b - the +0 hat of Unreason (worn) {rElec rN+}
   (You acquired it on level 2 of the Dungeon)

   rElec:     It insulates you from electricity.
   rN:        It protects you from negative energy.
 c - a +0 cloak (worn)
 n - a +0 plate armour (worn)
 o - a +0 buckler of poison resistance (worn)
Jewellery
 e - a ring of positive energy (left hand)
 m - a ring of poison resistance
 u - a ring of resist corrosion (right hand)
Scrolls
 a - 3 scrolls of identify
 g - a scroll of butterflies {unknown}
Potions
 d - 2 potions of might
 f - a potion of mutation
 k - a potion of cancellation
 l - a potion of resistance
 s - 3 potions of haste

Dungeon Overview and Level Annotations

Branches:
Dungeon (8/15)             Temple (1/1) D:5
   Lair: D:8-11

Altars:
Ashenzari
Cheibriados
Dithmenos
Fedhas
Gozag
Hepliaklqana
Kikubaaqudgha
Makhleb
Nemelex Xobeh
Okawaru
Qazlal
Ru
Sif Muna
Trog
Uskayaw
Vehumet
Wu Jian
Xom
Yredelemnul

Shops:
D:3 (*?

Annotations:
D:8 Erica


Message History

You resist.
You closely miss Erica. Your kick misses Erica.
Erica is moderately wounded.
Your +0 spectral war axe hits Erica!
Erica gestures at you while chanting. The lance of force hits you!!
You are knocked back by the lance of force.
You slam into the rock wall!
Erica casts a spell at you.
You resist with significant effort. 2 yaks come into view.
The yak bellows! x2; You hear a shout!
The yak gores you.
A kobold brigand comes into view.
It is wielding a +0 short sword and quivering poisoned darts.
Erica casts a spell at you. The lance of force hits you!
You are knocked back by the lance of force.
You slam into the rock wall!
The yak moves out of view. x2
The kobold brigand moves out of view.
The yak closely misses you. Erica barely misses you.
You slash Erica! You claw Erica!
Erica is severely wounded.
You hit the yak.
Your +0 spectral war axe hits the yak!!
Your +0 spectral war axe closely misses Erica.
The yak misses your +0 spectral war axe.
Erica mumbles some strange words.
Erica flickers and vanishes!
Deactivating autopickup; reactivate with Ctrl-A.
You slash the yak! You claw the yak.
You kill the yak!
Okawaru accepts your kill.
You miss something.
Your +0 spectral war axe closely misses something.
The yak misses your +0 spectral war axe.
The yak closely misses your +0 spectral war axe.
Something hits you but does no damage.
8636 ||| FLEEEEING.
Something hits you. Something burns you.
You die... # .# ######'###### #...# #......##...####...#### #..............'......# .).)...........#K..... #####..##...... .YYY.

##.##..##..##.# #YY# .
......>##..##.###{Y####..
................@........
##.##..##................
### ####.................
.# #...##<.#######... .#
######..# .. ## #..... .
# ######. .# #


You could see 6 yaks.

Vanquished Creatures
  A two-headed ogre (D:8)
  Maggie (D:7)
  A komodo dragon (D:8)
  A hornet (D:8)
  A yak (D:8)
  A steam dragon (D:7)
  A water moccasin (D:6)
  An orc warrior (D:5)
  A black bear (D:5)
  2 ogres
  A phantom (D:6)
  A kobold brigand (D:5)
  2 necrophages
  4 bullfrogs
  2 scorpions
  4 howler monkeys
  2 orc priests
  3 hounds
  A jelly (D:5)
  5 iguanas
  4 orc wizards
  9 adders
  A shadow imp (D:7)
  4 white imps
  2 ufetubi
  2 worms
  2 dart slugs
  21 orcs
  7 ball pythons
  5 bats
  7 endoplasms
  A giant cockroach (D:1)
  10 goblins
  8 hobgoblins
  9 jackals
  12 kobolds
  2 quokkas
  5 frilled lizards
  5 rats
152 creatures vanquished.

Vanquished Creatures (others)
  14 plants (D:8)
14 creatures vanquished.

Grand Total: 166 creatures vanquished

Notes
Turn   | Place    | Note
-------+----------+-------------------------------------------
     0 | D:1      | qw the Tengu Warper began the quest for the Orb.
     0 | D:1      | Reached XP level 1. HP: 12/12 MP: 4/4
     0 | D:1      | 0 ||| qw: Version: 0.1-a-89-g26bdef1
     0 | D:1      | 0 ||| qw: Game counter: 2809
     0 | D:1      | 0 ||| qw: Always use a shield: true
     0 | D:1      | 0 ||| qw: God list: Okawaru
     0 | D:1      | 0 ||| qw: Allow faded altars: false
     0 | D:1      | 0 ||| qw: Do Orc after D:15 true
     0 | D:1      | 0 ||| qw: Do second Lair branch before Depths: true
     0 | D:1      | 0 ||| qw: Lair rune preference: random
     0 | D:1      | 0 ||| qw: Plans: Normal
     0 | D:1      | 0 ||| PLANNING D:1-11
   212 | D:1      | 212 ||| Stepping ~*~*~tactically~*~*~ (stealth).
   245 | D:1      | Reached XP level 2. HP: 17/17 MP: 6/6
   247 | D:1      | Reached skill level 3 in Axes
   285 | D:1      | Found a faded altar of an unknown god.
   329 | D:1      | 329 ||| Stepping ~*~*~tactically~*~*~ (stealth).
   672 | D:1      | 672 ||| Stepping ~*~*~tactically~*~*~ (stealth).
   737 | D:1      | 737 ||| Stepping ~*~*~tactically~*~*~ (stealth).
   738 | D:1      | 738 ||| Stepping ~*~*~tactically~*~*~ (stealth).
   740 | D:1      | 740 ||| Stepping ~*~*~tactically~*~*~ (stealth).
   746 | D:1      | 746 ||| Stepping ~*~*~tactically~*~*~ (stealth).
   748 | D:1      | 748 ||| Stepping ~*~*~tactically~*~*~ (stealth).
   750 | D:1      | 750 ||| Stepping ~*~*~tactically~*~*~ (stealth).
  1007 | D:1      | Reached XP level 3. HP: 21/21 MP: 7/7
  1234 | D:1      | 1234 ||| Stepping ~*~*~tactically~*~*~ (stealth).
  1236 | D:1      | 1236 ||| Stepping ~*~*~tactically~*~*~ (stealth).
  1291 | D:1      | Reached skill level 4 in Axes
  1430 | D:1      | 1430 ||| READING scroll labelled LIESYORUTY.
  1431 | D:1      | 1431 ||| READING scroll labelled XUZXUE KUROCAM.
  1432 | D:1      | 1432 ||| DROPPING scroll of blinking.
  1482 | D:2      | 1482 ||| Stepping ~*~*~tactically~*~*~ (stealth).
  1520 | D:2      | 1520 ||| FLEEEEING.
  1521 | D:2      | 1521 ||| FLEEEEING.
  1524 | D:2      | 1524 ||| FLEEEEING.
  1525 | D:2      | 1525 ||| FLEEEEING.
  1526 | D:2      | 1526 ||| FLEEEEING.
  1540 | D:2      | 1540 ||| FLEEEEING.
  1546 | D:2      | 1546 ||| STAIRDANCE
  1680 | D:2      | Reached XP level 4. HP: 26/26 MP: 8/8
  1733 | D:2      | 1733 ||| Stepping ~*~*~tactically~*~*~ (stealth).
  1775 | D:2      | 1775 ||| Stepping ~*~*~tactically~*~*~ (stealth).
  1776 | D:2      | 1776 ||| Stepping ~*~*~tactically~*~*~ (stealth).
  1778 | D:2      | 1778 ||| Stepping ~*~*~tactically~*~*~ (stealth).
  1847 | D:2      | Found a bloodstained altar of Trog.
  1872 | D:2      | Reached skill level 5 in Axes
  2680 | D:2      | 2680 ||| UPGRADING to +0 chain mail.
  2690 | D:2      | 2690 ||| DROPPING +0 leather armour.
  2691 | D:2      | 2691 ||| READING scroll labelled ZENOS NODAMPAIWK.
  2692 | D:2      | 2692 ||| READING scroll labelled PIS TYSEVEISOGADE.
  2693 | D:2      | 2693 ||| READING scroll labelled SUAD FAUBOWEITOTE.
  2693 | D:2      | Identified a scroll of acquirement
  2693 | D:2      | 2693 ||| ACQUIRING +0 hat of Unreason {rElec rN+}
  2693 | D:2      | Acquired the +0 hat of Unreason {rElec rN+}
  2695 | D:2      | 2695 ||| UPGRADING to +0 hat of Unreason {rElec rN+}.
  2700 | D:2      | 2700 ||| READING 2 scrolls of identify.
  2700 | D:2      | 2700 ||| IDENTIFYING ruby potion
  2728 | D:3      | Found Ruyfum's Assorted Antiques.
  2746 | D:3      | Found Eneonn's Magic Scroll Shoppe.
  2749 | D:3      | 2749 ||| SHOPLISTING faintly glowing scale mail (225 gold,
                  | have 126).
  2749 | D:3      | 2749 ||| BUYING fuming black potion (22 gold).
  2749 | D:3      | Bought a fuming black potion for 22 gold pieces
  2749 | D:3      | 2749 ||| BUYING fuming grey potion (22 gold).
  2749 | D:3      | Bought a fuming grey potion for 22 gold pieces
  2749 | D:3      | 2749 ||| SHOPLISTING runed pearl amulet (125 gold, have
                  | 82).
  2749 | D:3      | 2749 ||| BUYING sedimented cyan potion (22 gold).
  2749 | D:3      | Bought a sedimented cyan potion for 22 gold pieces
  2749 | D:3      | 2749 ||| DROPPING +0 club.
  2756 | D:3      | 2756 ||| SHOPLISTING scroll of enchant armour (82 gold,
                  | have 60).
  2756 | D:3      | 2756 ||| BUYING scroll of identify (22 gold).
  2756 | D:3      | Bought a scroll of identify for 22 gold pieces
  2756 | D:3      | 2756 ||| BUYING scroll of identify (22 gold).
  2756 | D:3      | Bought a scroll of identify for 22 gold pieces
  2756 | D:3      | 2756 ||| SHOPLISTING scroll of teleportation (33 gold, have
                  | 16).
  2771 | D:3      | Found Qetejex's Antique Weapon Emporium.
  2776 | D:3      | 2776 ||| Stepping ~*~*~tactically~*~*~ (stealth).
  2797 | D:3      | 2797 ||| FLEEEEING.
  2798 | D:3      | 2798 ||| FLEEEEING.
  2799 | D:3      | 2799 ||| FLEEEEING.
  2800 | D:3      | 2800 ||| FLEEEEING.
  2801 | D:3      | 2801 ||| FLEEEEING.
  2802 | D:3      | 2802 ||| FLEEEEING.
  2803 | D:3      | 2803 ||| FLEEEEING.
  2804 | D:3      | 2804 ||| FLEEEEING.
  2805 | D:3      | 2805 ||| FLEEEEING.
  2807 | D:3      | 2807 ||| FLEEEEING.
  2808 | D:3      | 2808 ||| STAIRDANCE
  2965 | D:2      | 2965 ||| UPGRADING to +0 cloak.
  2970 | D:2      | 2970 ||| READING 6 scrolls of identify.
  2970 | D:2      | 2970 ||| IDENTIFYING brown potion
  2971 | D:2      | 2971 ||| READING 5 scrolls of identify.
  2971 | D:2      | 2971 ||| IDENTIFYING fuming black potion
  2972 | D:2      | 2972 ||| READING 4 scrolls of identify.
  2972 | D:2      | 2972 ||| IDENTIFYING fuming grey potion
  2973 | D:2      | 2973 ||| READING 3 scrolls of identify.
  2973 | D:2      | 2973 ||| IDENTIFYING sedimented cyan potion
  2974 | D:2      | 2974 ||| DROPPING potion of flight.
  2975 | D:2      | 2975 ||| DROPPING potion of brilliance.
  3139 | D:3      | 3139 ||| READING scroll of acquirement.
  3139 | D:3      | 3139 ||| ACQUIRING ring of positive energy
  3139 | D:3      | Acquired a ring of positive energy
  3141 | D:3      | 3141 ||| UPGRADING to ring of positive energy.
  3183 | D:3      | Gained mutation: Your magical nature lets you fly swiftly
                  | and evasively. [Tengu growth]
  3183 | D:3      | Reached XP level 5. HP: 30/30 MP: 9/9
  3191 | D:3      | 3191 ||| READING scroll of acquirement.
  3191 | D:3      | 3191 ||| ACQUIRING +0 buckler of poison resistance
  3191 | D:3      | Acquired a +0 buckler of poison resistance
  3193 | D:3      | 3193 ||| DROPPING orb of wrath.
  3208 | D:3      | 3208 ||| Stepping ~*~*~tactically~*~*~ (hiding).
  3209 | D:3      | 3209 ||| Stepping ~*~*~tactically~*~*~ (hiding).
  3542 | D:3      | 3542 ||| UPGRADING to +0 plate armour.
  3552 | D:3      | 3552 ||| DROPPING +0 chain mail.
  3553 | D:3      | 3553 ||| UPGRADING to +0 buckler of poison resistance.
  3558 | D:3      | 3558 ||| DRINKING 2 sapphire potions.
  3559 | D:3      | 3559 ||| READING 3 scrolls of identify.
  3559 | D:3      | 3559 ||| IDENTIFYING smoky emerald potion
  3701 | D:4      | Reached XP level 6. HP: 35/35 MP: 10/10
  4104 | D:4      | Found an opulent altar of Gozag.
  4111 | D:4      | Found a bloodstained altar of Trog.
  4112 | D:4      | Found a hazy altar of Hepliaklqana.
  4121 | D:4      | Found a blossoming altar of Fedhas.
  4205 | D:4      | 4205 ||| READING scroll labelled BOAFORCHIFF.
  4209 | D:4      | 4209 ||| READING scroll labelled KOIMYF MUEXKAK.
  4323 | D:4      | 4323 ||| DRINKING 2 lumpy amethyst potions.
  4346 | D:4      | 4346 ||| READING 5 scrolls of identify.
  4346 | D:4      | 4346 ||| IDENTIFYING smoky silvery potion
  4347 | D:4      | 4347 ||| DROPPING potion of lignification.
  4359 | D:5      | Entered Level 5 of the Dungeon
  4367 | D:5      | Reached skill level 6 in Axes
  4396 | D:5      | Reached skill level 3 in Armour
  4499 | D:5      | Noticed an orc warrior
  4500 | D:5      | 4500 ||| Stepping ~*~*~tactically~*~*~ (hiding).
  4501 | D:5      | 4501 ||| Stepping ~*~*~tactically~*~*~ (hiding).
  4507 | D:5      | HP: 8/35 [orc warrior/+0 glaive (7)]
  4508 | D:5      | 4508 ||| DRINKING 2 potions of heal wounds.
  4515 | D:5      | HP: 7/35 [orc warrior/+0 glaive (7)]
  4516 | D:5      | 4516 ||| DRINKING potion of heal wounds.
  4517 | D:5      | Killed an orc warrior
  4518 | D:5      | Reached XP level 7. HP: 35/40 MP: 11/11
  4588 | D:5      | Reached skill level 7 in Axes
  4808 | D:5      | Reached skill level 3 in Fighting
  4881 | D:5      | Found a hide-covered altar of Uskayaw.
  4944 | D:5      | Found a staircase to the Ecumenical Temple.
  4945 | D:5      | 4945 ||| PLANNING TEMPLE
  4980 | D:5      | 4980 ||| UPGRADING to ring of resist corrosion.
  4981 | D:5      | 4981 ||| READING 2 scrolls labelled MILUIPNAOTA.
  4982 | D:5      | 4982 ||| READING 4 scrolls of identify.
  4982 | D:5      | 4982 ||| IDENTIFYING lumpy coppery potion
  4983 | D:5      | 4983 ||| DROPPING scroll of vulnerability.
  4992 | Temple   | Entered the Ecumenical Temple
  4992 | Temple   | Found a transporter.
  4992 | Temple   | Found a transporter.
  4994 | Temple   | Found a transporter.
  4994 | Temple   | Found a transporter.
  5004 | Temple   | 5004 ||| PLANNING D:1-11
  5009 | Temple   | Became a worshipper of Warmaster Okawaru
  5159 | D:5      | 5159 ||| Stepping ~*~*~tactically~*~*~ (stealth).
  5162 | D:5      | 5162 ||| Stepping ~*~*~tactically~*~*~ (hiding).
  5163 | D:5      | 5163 ||| Stepping ~*~*~tactically~*~*~ (hiding).
  5172 | D:5      | 5172 ||| Stepping ~*~*~tactically~*~*~ (stealth).
  5180 | D:5      | 5180 ||| Stepping ~*~*~tactically~*~*~ (stealth).
  5194 | D:5      | 5194 ||| DRINKING potion of curing.
  5194 | D:5      | 5194 ||| (to cure confusion)
  5199 | D:5      | Reached skill level 8 in Axes
  5371 | D:5      | 5371 ||| READING scroll labelled FEMOELAGOW.
  5407 | D:6      | 5407 ||| Stepping ~*~*~tactically~*~*~ (hiding).
  5408 | D:6      | 5408 ||| Stepping ~*~*~tactically~*~*~ (hiding).
  5415 | D:6      | HP: 10/41 [white imp/puff of frost (9)]
  5416 | D:6      | 5416 ||| READING scroll of teleportation.
  5417 | D:6      | 5417 ||| DRINKING potion of heal wounds.
  5698 | D:6      | Reached XP level 8. HP: 46/46 MP: 12/12
  5899 | D:6      | 5899 ||| SWAPPING to +0 war axe.
  5900 | D:6      | 5900 ||| DROPPING +0 spectral hand axe.
  5901 | D:6      | 5901 ||| READING scroll of brand weapon.
  5901 | D:6      | 5901 ||| BRANDING +0 war axe.
  6005 | D:6      | 6005 ||| FLEEEEING.
  6006 | D:6      | 6006 ||| FLEEEEING.
  6007 | D:6      | 6007 ||| FLEEEEING.
  6008 | D:6      | 6008 ||| FLEEEEING.
  6014 | D:6      | 6014 ||| FLEEEEING.
  6015 | D:6      | 6015 ||| FLEEEEING.
  6016 | D:6      | 6016 ||| FLEEEEING.
  6017 | D:6      | 6017 ||| FLEEEEING.
  6018 | D:6      | 6018 ||| FLEEEEING.
  6019 | D:6      | 6019 ||| FLEEEEING.
  6020 | D:6      | 6020 ||| FLEEEEING.
  6021 | D:6      | 6021 ||| FLEEEEING.
  6032 | D:6      | 6032 ||| FLEEEEING.
  6043 | D:6      | 6043 ||| FLEEEEING.
  6045 | D:6      | 6045 ||| STAIRDANCE
  6094 | D:5      | 6094 ||| READING 4 scrolls of identify.
  6094 | D:5      | 6094 ||| IDENTIFYING fizzy golden potion
  6095 | D:5      | 6095 ||| READING 3 scrolls of identify.
  6095 | D:5      | 6095 ||| IDENTIFYING red potion
  6096 | D:5      | 6096 ||| DROPPING potion of degeneration.
  6097 | D:5      | 6097 ||| DROPPING potion of invisibility.
  6102 | D:6      | 6102 ||| STAIRDANCE
  6105 | D:5      | Reached skill level 9 in Axes
  6227 | D:6      | 6227 ||| Stepping ~*~*~tactically~*~*~ (stealth).
  6411 | D:6      | 6411 ||| Stepping ~*~*~tactically~*~*~ (stealth).
  6732 | D:6      | 6732 ||| Stepping ~*~*~tactically~*~*~ (hiding).
  6733 | D:6      | 6733 ||| Stepping ~*~*~tactically~*~*~ (hiding).
  6832 | D:6      | 6832 ||| READING 2 scrolls of identify.
  6832 | D:6      | 6832 ||| IDENTIFYING fizzy orange potion
  6833 | D:6      | 6833 ||| DROPPING potion of berserk rage.
  6878 | D:7      | Found an ornate altar of the Wu Jian Council.
  6995 | D:7      | Found a snail-covered altar of Cheibriados.
  7004 | D:7      | 7004 ||| Stepping ~*~*~tactically~*~*~ (hiding).
  7017 | D:7      | Reached * piety under Okawaru
  7018 | D:7      | Reached skill level 10 in Axes
  7096 | D:7      | 7096 ||| Stepping ~*~*~tactically~*~*~ (stealth).
  7133 | D:7      | Found a basalt altar of Yredelemnul.
  7186 | D:7      | Reached skill level 1 in Invocations
  7186 | D:7      | Reached XP level 9. HP: 51/52 MP: 13/13
  7351 | D:7      | 7351 ||| INVOKING Heroism.
  7352 | D:7      | 7352 ||| Stepping ~*~*~tactically~*~*~ (cloud).
  7361 | D:7      | 7361 ||| Stepping ~*~*~tactically~*~*~ (cloud).
  7363 | D:7      | Noticed Maggie
  7369 | D:7      | 7369 ||| INVOKING Heroism.
  7371 | D:7      | Killed Maggie
  7372 | D:7      | Reached skill level 3 in Shields
  7372 | D:7      | Reached skill level 3 in Invocations
  7779 | D:7      | 7779 ||| Stepping ~*~*~tactically~*~*~ (hiding).
  7825 | D:7      | 7825 ||| READING scroll labelled VARUGOE RACRU.
  7882 | D:8      | 7882 ||| FLEEEEING.
  7883 | D:8      | 7883 ||| STAIRDANCE
  7951 | D:8      | Noticed a komodo dragon
  7952 | D:8      | 7952 ||| INVOKING Heroism.
  7967 | D:8      | Killed a komodo dragon
  8001 | D:8      | Noticed a hornet
  8002 | D:8      | 8002 ||| FLEEEEING.
  8003 | D:8      | 8003 ||| FLEEEEING.
  8004 | D:8      | 8004 ||| FLEEEEING.
  8005 | D:8      | 8005 ||| FLEEEEING.
  8006 | D:8      | 8006 ||| FLEEEEING.
  8007 | D:8      | 8007 ||| FLEEEEING.
  8008 | D:8      | 8008 ||| FLEEEEING.
  8010 | D:8      | 8010 ||| STAIRDANCE
  8090 | D:8      | 8090 ||| INVOKING Heroism.
  8093 | D:8      | 8093 ||| STAIRDANCE
  8093 | D:8      | HP: 13/53 [hornet (11)]
  8329 | D:8      | 8329 ||| INVOKING Heroism.
  8330 | D:8      | Killed a hornet
  8330 | D:8      | Reached ** piety under Okawaru
  8532 | D:8      | Noticed a two-headed ogre
  8533 | D:8      | 8533 ||| INVOKING Heroism.
  8541 | D:8      | Killed a two-headed ogre
  8542 | D:8      | Reached skill level 11 in Axes
  8542 | D:8      | Reached XP level 10. HP: 49/60 MP: 12/14
  8621 | D:8      | Noticed Erica
  8624 | D:8      | 8624 ||| INVOKING Heroism.
  8631 | D:8      | HP: 14/60 [Erica/lance of force (10)]
  8631 | D:8      | HP: 6/60 [rock wall collision (8)]
  8636 | D:8      | 8636 ||| FLEEEEING.
  8636 | D:8      | HP: 1/60 [something (5)]
  8636 | D:8      | Slain by Erica

Levels and vault maps discovered:
D:1:      heliophobic_arrival_glass_houses, layout_loops_corners,
          nicolae_ecumenical_snake_handling, minivault_4, solitary_fountain,
          reono_crystal_passage
D:2:      layout_loops_corners, basic_altar
D:3:      layout_loops_cross, serial_shops, shop, nicolae_shop_trees,
          nicolae_diamond_shop
D:4:      layout_rooms, minitemple, dk_vineyard_2, patterned_corridor
D:5:      layout_cave_pools, kennysheep_mini, minmay_temple_entry_wispy,
          serial_column_ruins, column_ruins_open_tiny, column_ruins_open_medium,
          column_ruins_grid_2, guppyfry_early_orc_mine
D:6:      layout_cave_pods, lightli_corner_chamber
D:7:      layout_loops_ring, mainiacjoe_overflow_catwalk,
          nzn_wu_jian_contemplation, nicolae_overflow_crystal_walls, uniq_maggie
D:8:      layout_gridville, david_lair_shrubbed, uniq_grum, uniq_erica
Temple:   hellmonk_temple_divided_pantheon

Skill      XL: |  1  2  3  4  5  6  7  8  9 |
---------------+----------------------------+-----
Axes           | 3 4 5 6 8 10 11 | 11.6
Shields        | 2 3 |  3.7
Armour         | 2 3 4 5 |  5.0
Fighting       | 3 4 5 |  5.6
Invocations    | 1 4 |  4.1
Throwing       | |  1.0
Dodging        | |  2.1
Spellcasting   | |  2.0
Translocations | |  2.4

Action                   |  1- 3 |  4- 6 |  7- 9 | 10-12 || total
-------------------------+-------+-------+-------+-------++-------
Melee: Hand axe          |    79 |    92 |    53 |       ||   224
       Peck              |    11 |    12 |    26 |     1 ||    50
       Kick              |    19 |    30 |    43 |     3 ||    95
       War axe           |       |       |    93 |     8 ||   101
Throw: Boomerang         |    19 |    68 |    66 |     2 ||   155
Invok: Heroism           |       |       |     6 |     1 ||     7
  Use: Scroll            |     2 |    14 |     9 |       ||    25
       Potion            |       |     4 |     2 |       ||     6
 Stab: Sleeping          |     1 |       |       |       ||     1
       Distracted        |     1 |       |     1 |       ||     2
Armor: Leather armour    |    20 |       |       |       ||    20
       Chain mail        |       |    15 |       |       ||    15
       Plate armour      |       |    12 |    68 |     3 ||    83
Dodge: Dodged            |    31 |    16 |    24 |     3 ||    74
Block: Buckler           |       |     4 |    11 |       ||    15

Table legend:
 A = Non-vault XP
 B = Vault XP
 C = Vault XP percentage of total XP
 D = Non-vault monster count
 E = Vault monster count
 F = Vault count percentage of total count
                 A         B        C        D         E       F
            +---------+---------+-------+---------+---------+-------
      Total |    4005 |     978 |  19.6 |     142 |      10 |   6.6
            +---------+---------+-------+---------+---------+-------
        D:1 |      46 |       1 |   2.1 |      25 |       1 |   3.8
        D:2 |      85 |       0 |   0.0 |      20 |       0 |   0.0
        D:3 |      50 |       0 |   0.0 |      24 |       0 |   0.0
        D:4 |     203 |       0 |   0.0 |      10 |       0 |   0.0
        D:5 |     637 |     227 |  26.3 |      13 |       7 |  35.0
        D:6 |     645 |       0 |   0.0 |      24 |       0 |   0.0
        D:7 |     756 |     395 |  34.3 |      16 |       1 |   5.9
        D:8 |    1583 |     355 |  18.3 |      10 |       1 |   9.1
            +---------+---------+-------+---------+---------+-------
